 Dungeon Crawl Stone Soup version 0.27-a0-223-ge082b6e869 (webtiles) character file.

Game seed: 11391054483368421593

49 gimp the Digger (level 3, 0/26 HPs)
             Began as a Demonspawn Earth Elementalist on Feb 1, 2021.
             Slain by a centaur (4 damage)
             ... on level 2 of the Dungeon.
             The game lasted 00:03:11 (1032 turns).

gimp the Digger (Demonspawn Earth Elementalist)     Turns: 1032, Time: 00:03:11

Health: 0/26       AC:  2    Str:  8    XL:     3   Next: 53%
Magic:  6/6        EV: 12    Int: 17    God:
Gold:   35         SH:  0    Dex: 13    Spells: 5/6 levels left

rFire    . . .     SeeInvis .   a - +0 dagger
rCold    . . .     Faith    .   (no shield)
rNeg     . . .     Spirit   .   c - +0 robe
rPois    .         Reflect  .   (helmet restricted)
rElec    .         Harm     .   (no cloak)
rCorr    .         Rampage  .   (no gloves)
Will     .....                  (no boots)
Stlth    ++........             (no amulet)
HPRegen  0.08/turn              (no ring)
MPRegen  0.10/turn              (no ring)

@: flying
A: horns 1, foul stench 1
a: no special abilities


You were on level 2 of the Dungeon.
You visited 1 branch of the dungeon, and saw 2 of its levels.

You collected 35 gold pieces.

Inventory:

Hand Weapons
 a - a +0 dagger (weapon)
Missiles
 b - 26 stones
 d - 5 poisoned darts
Armour
 c - a +0 robe (worn)
Scrolls
 e - a scroll of fog {unknown}
Potions
 h - a potion of curing {unknown}


   Skills:
 + Level 1.6 Fighting
 - Level 1.7 Dodging
 - Level 1.7 Stealth
 - Level 2.0 Spellcasting
 - Level 0.8 Transmutations
 * Level 3.7 Earth Magic


You had 5 spell levels left.
You knew the following spells:

 Your Spells              Type           Power        Failure   Level
a - Sandblast             Erth           28%          4%          1

Your spell library contained the following spells:

 Spells                   Type           Power        Failure   Level
 Passwall                 Tmut/Erth      7%           12%         2
 Stone Arrow              Conj/Erth      16%          26%         3
 Petrify                  Tmut/Erth      9%           58%         4
 Lee's Rapid Deconstruct  Erth           7%           75%         5


Dungeon Overview and Level Annotations

Branches:
Dungeon (2/15)

Altars:


Innate Abilities, Weirdness & Mutations

You have a pair of small horns on your head.
You may rarely emit foul miasma when damaged in melee.


Message History

A centaur comes into view.
Health restored: 26 You regained 3 mp, and now have 5/6 mp.
A centaur is nearby!
The centaur shouts!
The centaur wields a +0 shortbow.
The centaur shoots an arrow.
The arrow hits you.
You take 6 damage, and have 20/26 hp.
MASSIVE DAMAGE!!
The centaur unwields a +0 shortbow.
The centaur misses you.
You hit the centaur but do no damage.
You headbutt the centaur, but do no damage.
The centaur hits you! The centaur hits you.
* * * LOW HITPOINT WARNING * * *
You take 16 damage, and have 4/26 hp.
MASSIVE DAMAGE!!
MP restored: 6
Okay, then.
It was a potion of flight.
You feel very buoyant.
You fly up into the air.
The centaur hits you.
You die...

#....o.#..............#
#.<..#..............#
#.†..#..............#
#....#..............#
.....#.....)..>.....#
......#..............#
##.....#........†.††).#
......#........###.#.#
##.....#......)@# #.#.#
#....^..c# #.#.###
#........# #.#.†.#
#.....<..# #.###.#
#........# #.# #.#
#......... ..# #.#
#........# #.#
........# #.# #.#


You could see a centaur.

Vanquished Creatures
  An adder (D:2)
  A worm (D:2)
  A dart slug (D:2)
  An orc (D:1)
  2 bats
  5 goblins
  2 hobgoblins
  8 jackals (D:2)
  3 frilled lizards
  3 kobolds (D:1)
  4 rats
31 creatures vanquished.

Notes
Turn   | Place    | Note
-------+----------+-------------------------------------------
     0 | D:1      | gimp the Demonspawn Earth Elementalist began the quest for
                  | the Orb.
     0 | D:1      | Reached XP level 1. HP: 13/13 MP: 3/3
   188 | D:1      | Reached skill level 3 in Earth Magic
   402 | D:1      | Gained mutation: You may rarely emit foul miasma when
                  | damaged in melee. [demonic ancestry]
   402 | D:1      | Reached XP level 2. HP: 20/20 MP: 3/5
   635 | D:2      | Reached skill level 1 in Fighting
   648 | D:1      | Gained mutation: You have a pair of small horns on your
                  | head. [demonic ancestry]
   648 | D:1      | Reached XP level 3. HP: 19/26 MP: 0/6
  1026 | D:2      | Noticed a centaur
  1032 | D:2      | Slain by a centaur

Illustrated notes

Levels and vault maps discovered:
D:1:      minmay_arrival_radiant_lines, layout_basic, hex_medium, fountainhead,
          st_stairs_14
D:2:      layout_basic, chequers_ecumenical_altar_grove

Skill      XL: |  1  2 |
---------------+-------+-----
Earth Magic    | 3 |  3.7
Fighting       | 1 |  1.6
Dodging        | |  1.7
Stealth        | |  1.7
Spellcasting   | |  2.0
Transmutations | |  0.8

Action                   || total
-------------------------++-------
Melee: Unarmed           ||     1
       Short sword       ||    27
       Headbutt          ||     3
       Dagger            ||     1
 Cast: Sandblast         ||    38
  Use: Potion            ||     1
Armor: Robe              ||     5
Dodge: Dodged            ||    32

Table legend: (Time is in decaauts)
 A = Elapsed time spent in this place.
 B = Non-inter-level travel time spent in this place.
 C = Inter-level travel time spent in this place.
 D = Time resting spent in this place.
 E = Time spent auto-exploring this place.
 F = Levels seen in this place.
 G = Mean time per level.
                   A        B        C        D        E       F      G
               +--------+--------+--------+--------+--------+-----+--------+
         Total |   1035 |    983 |     52 |     26 |    744 |   2 |  517.5 |
       Dungeon |   1035 |    983 |     52 |     26 |    744 |   2 |  517.5 |
               +--------+--------+--------+--------+--------+-----+--------+

Top non-repeatable levels by time:
     D:1: 718 daAuts
     D:2: 316 daAuts
